AoeStats
← ninja88haver

Arena

509849062Analyzed
3v3 RM · 5d ago on Sep 28, 2026· 47m 57s· 6 players
Game mode
Random Map
Map size
Normal (6 player)
Population
200
Speed
Normal
Resources
Standard
Victory
Conquest
Starting age
Dark Age
Ending age
Imperial Age
RankedLock teamsTeams togetherTeam positionsShared explorationLock speedFull tech treeHidden civsTurbo modeCheats
Victory
Defeat
🇫🇷 Franks · France
664
+10
🇩🇪 Bengalis · Germany
644
+11
🇨🇳 Chinese · China
614
+12
🇭🇺 Britons · Hungary
632
-35
🇭🇺 Huns · Hungary
476
-9
🇭🇺 Persians · Hungary
461
-9
RICH
10:47 Feudal Age
9:05 Loom
12:00 Double-Bit Axe
13:53 Wheelbarrow
13:02 Horse Collar
19:04 Castle Age
17:49 Arson
18:14 Stone Mining
18:19 Gold Mining
20:52 Hand Cart
20:49 Bow Saw
quappus
12:17 Feudal Age
16:04 Castle Age
14:31 Double-Bit Axe
15:49 Loom
16:02 Horse Collar
16:14 Gold Mining
25:50 Scale Barding Armor
26:45 Fletching
27:11 Forging
27:15 Bow Saw
33:36 Imperial Age
31:44 Wheelbarrow
32:26 Pikeman
38:16 Conscription
37:55 Fletching
38:27 Ballistics
38:42 Elite Ratha (Ranged)
40:10 Chain Barding Armor
42:18 Bloodlines
42:39 Bodkin Arrow
44:23 Chemistry
44:00 Bracer
45:06 Spies/Treason
46:44 Husbandry
47:24 Iron Casting
47:07 Light Cavalry
HALOF
13:04 Feudal Age
14:34 Double-Bit Axe
15:38 Gold Mining
18:22 Castle Age
18:59 Forging
21:53 Wheelbarrow
22:18 Stone Mining
25:36 Bow Saw
27:38 Hand Cart
35:52 Imperial Age
34:09 Gold Shaft Mining
34:48 Iron Casting
36:04 Cavalier
38:10 Loom
40:22 Chivalry
40:57 Elite Throwing Axeman
ninja88haver
1:17 Loom
9:23 Feudal Age
10:18 Town Watch
15:54 Double-Bit Axe
24:08 Castle Age
pegazus3333
13:25 Feudal Age
15:34 Town Watch
16:25 Wheelbarrow
16:24 Horse Collar
16:32 Double-Bit Axe
20:55 Castle Age
P!sTa
12:46 Feudal Age
13:13 Double-Bit Axe
13:34 Town Watch
15:14 Horse Collar
17:26 Wheelbarrow
24:58 Castle Age
26:22 Elite Skirmisher
27:11 Husbandry
27:21 Stone Mining
27:23 Gold Mining
29:01 Gold Shaft Mining
29:44 Bow Saw
29:38 Heavy Plow
31:18 Hand Cart
33:00 Town Patrol
34:02 Padded Archer Armor
33:54 Fletching
35:18 Squires
34:39 Pikeman
39:40 Imperial Age
36:57 Loom
Connection lost

Rejoining the realm…

Still unreachable

The connection could not be restored.

Session expired

The server has moved on; the page needs a fresh start.